 Dungeon Crawl Stone Soup version 0.21-a0-260-g9b2435e (console) character file.

147 Mandevil the Poker (level 5, -3/49 HPs)
             Began as a Naga Monk on Sept 7, 2017.
             Slain by a centaur (7 damage)
             ... on level 4 of the Dungeon.
             The game lasted 00:08:07 (3024 turns).

Mandevil the Poker (Naga Monk)                      Turns: 3024, Time: 00:08:08

Health: -3/49      AC:  5    Str: 12 (14) XL:     5   Next: 29%
Magic:  6/6        EV: 12    Int: 14 (15) God:
Gold:   100        SH:  0    Dex: 16 (19) Spells: 4/4 levels left

rFire    . . .     SeeInvis +   a - +0 spear
rCold    . . .     Gourm    .   (no shield)
rNeg     . . .     Faith    .   z - +1 leather armour {MR+}
rPois    +         Spirit   .   k - +1 hat
rElec    .         Reflect  .   (no cloak)
rCorr    .         Harm     .   (no gloves)
MR       +....                  (no barding)
Stlth    +.........             j - amulet of magic regeneration
HPRegen  0.16/turn              w - +5 ring of dexterity
MPRegen  0.35/turn              (no ring)

@: confused, brilliant, short of breath, very slow
A: antennae 1, repulsion field 1, see invisible, deformed body, poison
resistance, slowness 2, slow metabolism 1, spit poison 1, AC +1
a: Spit Poison


You were on level 4 of the Dungeon.
You were not hungry.

You visited 1 branch of the dungeon, and saw 4 of its levels.

You collected 100 gold pieces.

Inventory:

Hand Weapons
 a - a +0 spear (weapon)
Missiles
 n - 2 throwing nets
 o - 29 bolts
 p - 8 poisoned needles
 s - 146 stones (quivered)
 t - 5 tomahawks
 u - 73 arrows
 v - 27 sling bullets
Armour
 k - a +1 hat (worn)
 z - a +1 leather armour of magic resistance (worn)
Jewellery
 j - an amulet of magic regeneration (around neck)
 w - a +5 ring of dexterity (left hand)
Wands
 x - a wand of polymorph (13/24)
 y - a wand of disintegration (12/24)
Scrolls
 e - 2 scrolls of enchant armour
 l - 2 scrolls of remove curse
Potions
 d - 3 potions of lignification
 r - a potion of degeneration
Comestibles
 c - 2 bread rations
 m - 7 chunks of flesh
 q - 4 meat rations


   Skills:
 - Level 3.4 Fighting
 + Level 4.7 Polearms
 - Level 2.4 Dodging
 - Level 4.4 Stealth
 + Level 1.5 Evocations


You had 4 spell levels left.
You didn't know any spells.

Dungeon Overview and Level Annotations

Branches:
Dungeon (4/15)
 Temple: D:4-7

Altars:
Okawaru


Innate Abilities, Weirdness & Mutations

You cannot wear boots.
Your serpentine skin is tough. (AC +1)
You have supernaturally acute eyesight. (SInv)
Armour fits poorly on your strangely shaped body.
Your system is resistant to poisons. (rPois)
You cover ground very slowly.
You have a slow metabolism.
You can spit poison.
You have a pair of small antennae on your head.
You are surrounded by a mild repulsion field. (EV +2)


Message History

The splash of poison hits the centaur.
The centaur is heavily wounded.
You feel slightly more hungry. The centaur hits you.
* * * LOW HITPOINT WARNING * * *
The centaur misses you.
You hit the centaur but do no damage.
The centaur is heavily wounded.
The centaur barely misses you.
You hit the centaur but do no damage.
The centaur is heavily wounded.
The centaur hits you.
* * * LOW HITPOINT WARNING * * *
The centaur hits you!
* * * LOW HITPOINT WARNING * * *
You feel better. The centaur hits you!
* * * LOW HITPOINT WARNING * * *
It was a potion of ambrosia.
You are confused.
You feel invigorated. The centaur barely misses you. The centaur hits you!
You die...

##.# #. .. ##..##
#.## c.. #....# #..#
o.... #....# #..#
##(.... #....## #..#
##8.8.(.. ......#
#..###(....(..
......#
#.#.......8..
......#
#.#(.........
......#
#.Nc8.....8..
#<....#
#..........##
###...#
##...##8.8###
#####.########.####
####
...........).[.#
##############.#####
####.....#
#.......## #.......#


You could see a centaur.

Vanquished Creatures
  2 orc wizards (D:4)
  2 adders
  A worm (D:2)
  3 dart slugs (D:1)
  3 leopard geckos
  2 orcs (D:4)
  3 ball pythons
  6 bats
  9 goblins
  5 hobgoblins
  8 jackals
  2 frilled lizards
  7 kobolds
  6 rats
59 creatures vanquished.

Notes
Turn   | Place    | Note
-------+----------+-------------------------------------------
     0 | D:1      | Mandevil the Naga Monk began the quest for the Orb.
     0 | D:1      | Reached XP level 1. HP: 21/21 MP: 1/1
   297 | D:1      | Reached XP level 2. HP: 20/28 MP: 2/2
   574 | D:1      | Reached XP level 3. HP: 24/34 MP: 3/3
  1725 | D:2      | Found an iron altar of Okawaru.
  1916 | D:3      | Reached XP level 4. HP: 28/42 MP: 4/4
  2880 | D:4      | Reached skill level 1 in Evocations
  2880 | D:4      | Reached XP level 5. HP: 41/49 MP: 5/5
  2992 | D:4      | Noticed a centaur
  3007 | D:4      | Gained mutation: You are surrounded by a mild repulsion field. (EV +2) [potion of mutation]
  3007 | D:4      | Gained mutation: You have a pair of small antennae on your head. [potion of mutation]
  3023 | D:4      | HP: 1/49 [centaur (9)]
  3024 | D:4      | Slain by a centaur

Vault maps used:
D:1:      scummos_arrival_star, minmay_tetromino_i4
D:2:      okawaru_metal_pillars_1_2
D:3:      serial_co_window_serial, co_window_paths_b, co_window_paths_a,
          co_window_paths_a, co_window_paths_a, co_window_of_opportunity_a,
          co_window_cross_1, co_window_cross_1, co_window_of_opportunity_c,
          co_window_corner_b, co_window_unsneaky_path_d, co_window_2corner,
          co_window_paths_e, co_window_4corner_a
D:4:      cheibrodos_greedy_goblins, nicolae_ashenzari_panopticon,
          gammafunk_temple_overflow_forgotten, first_bread, serial_column_ruins,
          column_ruins_circle_small, column_ruins_open_small,
          column_ruins_columns_straight, column_ruins_open_tiny,
          column_ruins_open_tiny, column_ruins_grid_2, column_ruins_open_medium,
          solitary_fountain, uniq_grinder

Skill      XL: |  1  2  3  4 |
---------------+-------------+-----
Polearms       | 4 |  4.7
Stealth        | 4 |  4.4
Evocations     | 1 |  1.5
Fighting       | |  3.4
Dodging        | |  2.4

Action                   |  1- 3 |  4- 6 || total
-------------------------+-------+-------++-------
Melee: Spear             |   189 |    70 ||   259
Throw: Tomahawk          |       |     9 ||     9
       Stone             |       |     9 ||     9
 Abil: Spit Poison       |     8 |     2 ||    10
  Use: Scroll            |     3 |     8 ||    11
       Potion            |       |     5 ||     5
 Stab: Sleeping          |    12 |     3 ||    15
       Distracted        |     1 |     1 ||     2
  Eat: Chunk             |     3 |     3 ||     6
Armor: Robe              |    16 |     8 ||    24
       Leather armour    |       |     5 ||     5
Dodge: Dodged            |    67 |    36 ||   103

Table legend:
 A = Spawn XP
 B = Non-spawn XP
 C = Spawn XP percentage of total XP
 D = Spawn monster count
 E = Non-spawn monster count
 F = Spawn count percentage of total count
 G = Total turns spent on level
                    A         B        C        D         E        F      G
               +---------+---------+-------+---------+---------+-------+---------
         Total |       0 |     211 |   0.0 |       0 |      59 |   0.0 |  3024
               +---------+---------+-------+---------+---------+-------+---------
           D:1 |       0 |      42 |   0.0 |       0 |      22 |   0.0 |   928
           D:2 |       0 |      36 |   0.0 |       0 |      17 |   0.0 |   975
           D:3 |       0 |      37 |   0.0 |       0 |      15 |   0.0 |   885
           D:4 |       0 |      96 |   0.0 |       0 |       5 |   0.0 |   236
               +---------+---------+-------+---------+---------+-------+---------
